 Dungeon Crawl Stone Soup version 0.31-a0-1338-gb567cfdca4 (webtiles) character file.

Game seed: 9310951607821424924

133 IdlyInterested the Trooper (level 4, -1/38 HPs)
             Began as a Demonspawn Fighter on Dec 21, 2023.
             Slain by a kobold brigand
             ... wielding a +0 whip
              (6 damage)
             ... in a sewer.
             The game lasted 00:06:40 (2523 turns).

IdlyInterested the Trooper (Demonspawn Fighter)     Turns: 2523, Time: 00:06:41

Health: -1/38      AC:  9    Str: 16    XL:     4   Next: 94%
Magic:  4/4        EV:  9    Int: 12    God:
Gold:   134        SH:  0    Dex: 15    Spells: 3/3 levels left

rFire   . . .        a - +0 war axe
rCold   . . .        (no shield)
rNeg    . . .        b - +0 scale mail
rPois   .            n - +0 helmet
rElec   .            (no cloak)
rCorr   .            e - +0 pair of gloves
SInv    .            (no boots)
Will    .....        (no amulet) Stlth
                     (no ring)
HPRegen 0.26/turn    (no ring)
MPRegen 0.09/turn

%: no passive effects
@: no status effects
A: big brain 2, demonic touch 1
a: no special abilities


You were in a sewer.
You visited 1 branch of the dungeon, and saw 3 of its levels.
You also visited: Sewer.

You collected 134 gold pieces.

Inventory:

Hand Weapons
 a - a +0 war axe (weapon)
 c - a +0 spear
 f - a +0 dagger
 o - a +2 dagger of venom
 q - a +0 flail
Missiles
 i - 9 boomerangs (quivered)
 l - 13 stones
Armour
 b - a +0 scale mail (worn)
 e - a +0 pair of gloves (worn)
 n - a +0 helmet (worn)
Jewellery
 r - a ring of fire
Scrolls
 h - a scroll of identify
 m - a scroll of fog
 t - a scroll of amnesia
Potions
 d - a potion of might
 g - 3 potions of mutation {unknown}
 j - a potion of curing {unknown}
 k - a potion of haste {unknown}
 p - 3 potions of enlightenment {unknown}
 s - a potion of lignification {unknown}
 u - a potion of invisibility {unknown}


   Skills:
 + Level 4.6 Fighting
 - Level 2.0 Axes
 - Level 1.0 Throwing
 - Level 3.0 Armour
 - Level 1.0 Dodging
 - Level 1.0 Stealth
 - Level 2.6 Shields
 - Level 1.0 Unarmed Combat
 * Level 0.1 Evocations


You had 3 spell levels left.
You didn't know any spells.
Your spell library contained the following spells:

 Spells                   Type           Power      Damage    Failure   Level
 Mercury Vapours          Alch/Air       0%         N/A       87%         2
 Mephitic Cloud           Conj/Alch/Air  0%         N/A       98%         3
 Freezing Cloud           Conj/Ice/Air   0%         6-21      100%        5
 Malign Gateway           Summ/Tloc      0%         N/A       100%        7
 Summon Horrible Things   Summ           0%         N/A       100%        8


Dungeon Overview and Level Annotations

Branches:
Dungeon (3/15)              Sewer (1/1)

Altars:
Ashenzari
Gozag
Okawaru
Trog
Wu Jian


Innate Abilities, Weirdness & Mutations

You have an extremely huge brain. (Int +4)
Your touch may inflict minor irresistible damage on your foes.


Message History

Found a smoky grey potion.
A kobold brigand comes into view.
It is wielding a +0 whip and quivering curare-tipped darts.
The kobold brigand shouts!
Unknown command.
You completely miss the kobold brigand. Your touch misses the kobold brigand.
The kobold brigand closely misses you.
You barely miss the kobold brigand.
The kobold brigand hits you with a +0 whip.
The kobold brigand misses you.
You hit the kobold brigand. Your touch misses the kobold brigand.
Your punch misses the kobold brigand.
The kobold brigand is lightly wounded.
The kobold brigand hits you with a +0 whip.
You slash the kobold brigand!
The kobold brigand is moderately wounded.
The kobold brigand hits you with a +0 whip!
The kobold brigand hits you with a +0 whip.
You miss the kobold brigand.
The kobold brigand is moderately wounded.
The kobold brigand closely misses you.
You barely miss the kobold brigand.
The kobold brigand is moderately wounded.
The kobold brigand hits you but does no damage.
You closely miss the kobold brigand. Your touch misses the kobold brigand.
The kobold brigand is moderately wounded.
The kobold brigand barely misses you.
The kobold brigand hits you with a +0 whip.
You closely miss the kobold brigand.
The kobold brigand is moderately wounded.
The kobold brigand hits you with a +0 whip.
* * * LOW HITPOINT WARNING * * *
You slash the kobold brigand! Your touch misses the kobold brigand.
The kobold brigand is severely wounded.
The kobold brigand hits you but does no damage.
The kobold brigand hits you with a +0 whip.
* * * LOW HITPOINT WARNING * * *
You barely miss the kobold brigand.
The kobold brigand is severely wounded.
The kobold brigand hits you with a +0 whip.
You die...

# ##~~.## ##..~##
#####..~..####~.~.~#
≈≈≈≈≈~....†~~~...~.#
#####..~..####.~...#
# ##~~~## ##~.~##
##~## ##.## #~# #.#
#~# #.# ##~## #@# #
##~..## #K#
#####~..~~# .!.
)~~~~~....# ~!~.#
#####~....# ##...# #
##~~~## #.### #####
##


You could see a kobold brigand.

Vanquished Creatures
  Robin (D:2)
  A gnoll (D:1)
  5 adders
  A worm (Sewer)
  A dart slug (D:1)
  An orc (D:2)
  5 endoplasms
  A giant cockroach (D:1)
  8 hobgoblins
  7 kobolds
  4 quokkas
  6 ball pythons
  A bat (D:1)
  2 frilled lizards (D:1)
  12 goblins
  5 rats
61 creatures vanquished.

Notes
Turn   | Place    | Note
-------+----------+-------------------------------------------
     0 | D:1      | IdlyInterested the Demonspawn Fighter began the quest for
                  | the Orb.
     0 | D:1      | Reached XP level 1. HP: 18/18 MP: 1/1
   103 | D:1      | Gained mutation: You have an unusually large brain. (Int
                  | +2) [demonic ancestry]
   103 | D:1      | Reached XP level 2. HP: 24/24 MP: 2/2
   340 | D:1      | Gained mutation: Your touch may inflict minor irresistible
                  | damage on your foes. [demonic ancestry]
   340 | D:1      | Reached XP level 3. HP: 22/30 MP: 3/3
   998 | D:2      | Reached skill level 4 in Fighting
  1117 | D:2      | Noticed Robin
  1131 | D:2      | Reached skill level 1 in Unarmed Combat
  1135 | D:2      | Killed Robin
  1146 | D:2      | Gained mutation: You have an extremely huge brain. (Int +4)
                  | [demonic ancestry]
  1146 | D:2      | Reached XP level 4. HP: 13/37 MP: 4/4
  1414 | D:2      | Reached skill level 1 in Throwing
  2094 | D:3      | Found a bloodstained altar of Trog.
  2095 | D:3      | Found a broken altar of Ashenzari.
  2101 | D:3      | Found an opulent altar of Gozag.
  2101 | D:3      | Found an ornate altar of the Wu Jian Council.
  2102 | D:3      | Found an iron altar of Okawaru.
  2145 | D:3      | Reached skill level 1 in Dodging
  2242 | D:3      | Found a glowing drain.
  2262 | D:3      | HP: 1/38 [poisoned by an adder]
  2270 | Sewer    | Entered a sewer
  2466 | Sewer    | Reached skill level 1 in Stealth
  2510 | Sewer    | Noticed a kobold brigand
  2523 | Sewer    | Slain by a kobold brigand

Illustrated notes

Levels and vault maps discovered:
D:1:      minmay_arrival_open_corners, layout_loops_ring
D:2:      layout_basic, serial_corexii_hall, corexii_hall_statues_i,
          chequers_hall_statues_wall_a, uniq_robin
D:3:      layout_loops_ring, grunt_temple_overflow_open,
          regret_index_temple_of_mockery, portal_sewer_entry_d,
          ebering_ecumenical_altar_abandoned, minmay_misc_feat_columns
Sewer:    sewer_co_15_rooms

Skill      XL: |  1  2  3  4 |
---------------+-------------+-----
Axes           | 2 |  2.0
Armour         | 3 |  3.0
Fighting       | 4 |  4.6
Unarmed Combat | 1 |  1.0
Throwing       | 1 |  1.0
Dodging        | 1 |  1.0
Stealth        | 1 |  1.0
Shields        | |  2.6
Evocations     | |  0.1

Action                     |  1- 3 |  4- 6 || total
---------------------------+-------+-------++-------
  Melee: War axe           |    76 |    94 ||   170
         Touch             |     3 |    11 ||    14
         Punch             |       |     1 ||     1
    Use: Scroll            |       |     2 ||     2
 Armour: Scale mail        |    64 |    75 ||   139
  Dodge: Dodged            |    39 |    48 ||    87
  Block: Buckler           |    14 |       ||    14

Table legend: (Time is in decaauts)
 A = Elapsed time spent in this place.
 B = Non-inter-level travel time spent in this place.
 C = Inter-level travel time spent in this place.
 D = Time resting spent in this place.
 E = Time spent auto-exploring this place.
 F = Levels seen in this place.
 G = Mean time per level.
                   A        B        C        D        E       F      G
               +--------+--------+--------+--------+--------+-----+--------+
         Total |   2610 |   2255 |    355 |    339 |   1250 |   4 |  652.5 |
       Dungeon |   2328 |   1973 |    355 |    183 |   1247 |   3 |  776.0 |
         Sewer |    281 |    281 |      0 |    156 |      3 |   1 |  281.0 |
               +--------+--------+--------+--------+--------+-----+--------+

Top non-repeatable levels by time:
     D:2: 1028 daAuts
     D:1: 926 daAuts
     D:3: 373 daAuts
   Sewer: 281 daAuts
